 Dungeon Crawl Stone Soup version 0.29-a0-378-gc08b2e8bf8 (console) character file.

Game seed: 17612404555608347014

2488 kazari the Summoner (level 9, -3/64 HPs)
             Began as a Demigod Wanderer on May 4, 2022.
             Slain by a killer bee (7 damage)
             ... on level 8 of the Dungeon.
             The game lasted 00:15:58 (8656 turns).

kazari the Summoner (Demigod Wanderer)              Turns: 8656, Time: 00:15:59

Health: -3/64      AC:  7    Str: 10    XL:     9   Next: 6%
Magic:  10/20      EV: 11    Int: 30    God:
Gold:   164        SH:  0    Dex: 12    Spells: 5/18 levels left

rFire   . . .      SeeInvis .   u - +3 hand axe (elec)
rCold   . . .      Faith    .   (no shield)
rNeg    . . .      Spirit   .   a - +2 robe {Will+}
rPois   .          Reflect  .   o - +0 helmet
rElec   .          Harm     .   n - +0 cloak
rCorr   .          Rampage  .   (no gloves)
Will    +....                   j - +0 pair of boots
Stlth   ++........              b - amulet of magic regeneration
HPRegen 0.20/turn               g - ring of wizardry
MPRegen 0.57/turn               (no ring)

@: lethally poisoned (-3 -> -7)
A: high MP 1, forlorn, divine attributes
a: no special abilities


You were on level 8 of the Dungeon.
You visited 1 branch of the dungeon, and saw 8 of its levels.

You collected 544 gold pieces.
You spent 380 gold pieces at shops.

Inventory:

Hand Weapons
 u - a +3 hand axe of electrocution (weapon)
Missiles
 q - 45 poisoned darts (quivered)
Armour
 a - a +2 robe of willpower (worn)
 j - a +0 pair of boots (worn)
 n - a +0 cloak (worn)
 o - a +0 helmet (worn)
Jewellery
 b - an amulet of magic regeneration (around neck)
 g - a ring of wizardry (left hand)
 v - a ring of fire
 B - a ring of resist corrosion
Wands
 y - a wand of digging (6)
 A - a wand of flame (18)
 G - a wand of iceblast (8)
Scrolls
 c - a scroll of blinking
 d - a scroll of enchant weapon {unknown}
 e - 3 scrolls of fear
 h - a scroll of fog
 k - a scroll of enchant armour {unknown}
 l - 3 scrolls of poison
 p - 3 scrolls of teleportation
 r - 2 scrolls of amnesia
 E - a scroll of summoning
 F - a scroll of identify
Potions
 f - 2 potions of attraction
 i - 2 potions of curing
 m - a potion of degeneration {unknown}
 s - 2 potions of lignification {unknown}
 t - a potion of flight
 w - a potion of invisibility
 x - a potion of mutation
 z - a potion of berserk rage {unknown}
 C - a potion of ambrosia
 D - 2 potions of might {unknown}


   Skills:
 - Level 1.0 Fighting
 - Level 1.0 Throwing
 - Level 1.7 Stealth
 - Level 5.0 Spellcasting
 - Level 4.0 Hexes
 + Level 8.1 Summonings
 - Level 5.0 Ice Magic
 - Level 1.0 Poison Magic
 - Level 1.0 Evocations


You had 5 spell levels left.
You knew the following spells:

 Your Spells              Type           Power      Damage    Failure   Level
a - Summon Small Mammal   Summ           100%       N/A       1%          1
b - Call Canine Familiar  Summ           54%        N/A       1%          3
c - Summon Ice Beast      Ice/Summ       46%        N/A       1%          4
d - Summon Mana Viper     Hex/Summ       43%        N/A       6%          5

Your spell library contained the following spells:

 Spells                   Type           Power      Damage    Failure   Level
 Sting                    Tmut/Pois      40%        1d5       1%          1
 Summon Guardian Golem    Hex/Summ       43%        N/A       1%          3
 Blink                    Tloc           14%        N/A       3%          2
 Inner Flame              Hex/Fire       19%        N/A       3%          3
 Cause Fear               Hex            15%        N/A       4%          4
 Ignite Poison            Fire/Tmut/Pois 9%         N/A       6%          3
 Spider Form              Tmut/Pois      10%        N/A       6%          3
 Conjure Flame            Conj/Fire      7%         6-21      7%          3
 Gell's Gravitas          Tloc           7%         N/A       7%          3
 Lesser Beckoning         Tloc           7%         N/A       7%          3
 Teleport Other           Tloc           7%         N/A       7%          3
 Sticky Flame             Conj/Fire      7%         2d3       22%         4
 Manifold Assault         Tloc           7%         N/A       52%         5
 Monstrous Menagerie      Summ           27%        N/A       54%         7
 Discord                  Hex            15%        N/A       100%        8


Dungeon Overview and Level Annotations

Branches:
Dungeon (8/15)             Temple (0/1) D:7
   Lair: D:8-11

Shops:
D:5 [(!*:   D:7 *   D:8 *

Annotations:
D:6 3 runed translucent doors, garrulousMonolith's ghost, novice HOFi


Innate Abilities, Weirdness & Mutations

You have an increased reservoir of magic. (+10% MP)
You shall have no god before yourself.
Your divine heritage dramatically boosts your attributes as you level up.


Message History

The killer bee completely misses your wolf.
Your wolf bites the killer bee!
The bullfrog hits you.
* * * LOW HITPOINT WARNING * * *
Casting: Summon Ice Beast (dangerous; 1% risk of failure)
Confirm with . or Enter, or press ? or * to list all spells.
A chill wind blows around you.
The killer bee completely misses your wolf.
The killer bee barely misses your wolf.
Your wolf bites the killer bee.
The killer bee stings your wolf.
Your wolf looks as sick as possible!
The killer bee poisons your wolf!
The killer bee closely misses your wolf.
The bullfrog hits you but does no damage.
Your wolf barely misses the killer bee.
You slash the bullfrog!
Lightning courses through the bullfrog!!
You kill the bullfrog!
Your wolf dies!
Your wolf's corpse disappears in a puff of smoke!
The killer bee barely misses you. The killer bee stings you.
* * * LOW HITPOINT WARNING * * *
You are poisoned.
The killer bee poisons you! The killer bee stings your ice beast.
Training target 4.0 for Hexes reached!
Your Hexes skill increases to level 4!
You need to enable at least one skill for training.
Unknown command.
Casting: Summon Ice Beast (dangerous; 1% risk of failure)
Confirm with . or Enter, or press ? or * to list all spells.
You feel sick. The killer bee stings your ice beast. The killer bee stings you.
* * * LOW HITPOINT WARNING * * *
Your ice beast hits the killer bee.
Your ice beast freezes the killer bee!
The killer bee dies!
The killer bee closely misses you.
The killer bee attacks as you move away!
The killer bee barely misses you.
* * * LOW HITPOINT WARNING * * *
You feel sick.
Your wolf closely misses the killer bee.
The killer bee stings you!
You die...

#...........
#..>........
#............
#....†....... #....#
####'### .... #....#
#...††.##.... #..>.+
#...†§........#....#
#..†Yy........+....#
#....@h.......#....#
#......##.....#....#
#......##.....#...<#
#.............#....#
#.............#....#
#.............#...##
#.............#...####
#......##.....#...'...
#########.....#...#...


You could see a killer bee (ally target), a friendly ice beast (summoned) and a
friendly wolf (summoned).

Vanquished Creatures
  A wraith (D:7)
  A sky beast (D:7)
  A black bear (D:6)
  A phantom (D:6)
  The ghost of SirDiesAlot the Changer, an amateur SpTm of Nemelex Xobeh (D:3)
  3 bullfrogs
  2 necrophages
  4 hounds
  2 orc priests
  An orc wizard (D:4)
  Robin (D:2)
  2 gnolls (D:5)
  3 adders
  A dart slug (D:3)
  12 orcs
  3 endoplasms
  6 giant cockroaches
  4 goblins
  6 hobgoblins
  2 jackals (D:1)
  11 kobolds
  A quokka (D:4)
  5 ball pythons
  5 bats
  A rat (D:1)
80 creatures vanquished.

Vanquished Creatures (collateral kills)
  Joseph (D:7)
  Edmund (D:3)
  A black bear (D:4)
  2 ogres (D:5)
  2 kobold brigands
  Blork the orc (D:3)
  A scorpion (D:7)
  4 killer bees (D:8)
  An orc priest (D:5)
  A gnoll shaman (D:5)
  2 iguanas
  9 gnolls
  2 adders (D:3)
  A white imp (D:7)
  3 orcs
  2 bats (D:3)
  3 giant cockroaches
  6 goblins (D:2)
  3 hobgoblins
  4 jackals
  4 kobolds
  2 ball pythons
  A frilled lizard (D:1)
  3 rats
60 creatures vanquished.

Grand Total: 140 creatures vanquished

Notes
Turn   | Place    | Note
-------+----------+-------------------------------------------
     0 | D:1      | kazari the Demigod Wanderer began the quest for the Orb.
     0 | D:1      | kazari set off with the following items: a +0 dagger, 7
                  | boomerangs, a scroll of blinking, a +0 robe; and the
                  | following spells available to memorise: Summon Small
                  | Mammal, Sting, Call Canine Familiar, Spider Form, Summon
                  | Ice Beast
     0 | D:1      | Reached XP level 1. HP: 16/16 MP: 4/4
     2 | D:1      | Learned a level 1 spell: Summon Small Mammal
   613 | D:1      | Reached skill level 3 in Summonings
   690 | D:1      | Reached XP level 2. HP: 15/23 MP: 4/6
   711 | D:1      | HP: 1/23 [jackal (1)]
  1578 | D:2      | Noticed Robin
  1804 | D:2      | Reached XP level 3. HP: 17/28 MP: 6/8
  1843 | D:2      | Killed Robin
  2093 | D:2      | Learned a level 3 spell: Call Canine Familiar
  2618 | D:3      | Reached skill level 4 in Summonings
  2622 | D:3      | Reached XP level 4. HP: 35/35 MP: 5/9
  3052 | D:3      | Reached skill level 5 in Summonings
  3132 | D:3      | Found a large runed translucent door.
  3132 | D:3      | Found a large runed translucent door.
  3134 | D:3      | Noticed SirDiesAlot's ghost (amateur SpTm)
  3210 | D:3      | Reached XP level 5. HP: 36/40 MP: 6/10
  3656 | D:3      | Learned a level 4 spell: Summon Ice Beast
  3874 | D:4      | Noticed Edmund
  3964 | D:3      | Reached skill level 1 in Ice Magic
  4514 | D:4      | Noticed Blork the orc
  4526 | D:3      | Killed Blork the orc
  4527 | D:3      | Reached XP level 6. HP: 23/47 MP: 5/11
  4730 | D:3      | Killed SirDiesAlot's ghost
  4852 | D:4      | Reached skill level 6 in Summonings
  5333 | D:3      | Killed Edmund
  5438 | D:4      | Reached XP level 7. HP: 45/52 MP: 7/13
  5488 | D:5      | Entered Level 5 of the Dungeon
  5586 | D:5      | Found Deacikom's Weapon Emporium.
  5672 | D:5      | Reached skill level 7 in Summonings
  6017 | D:5      | Found Lassay's Book Boutique.
  6102 | D:5      | Reached skill level 5 in Ice Magic
  6412 | D:5      | Found Hilaob's General Store.
  6451 | D:5      | Found Weophaho's Distillery.
  6738 | D:5      | Found Vizyidaxo's Armour Boutique.
  7144 | D:6      | Found a runed translucent gate.
  7145 | D:6      | Found a runed translucent gate.
  7146 | D:6      | Found a runed translucent gate.
  7147 | D:6      | Noticed a troll
  7147 | D:6      | Noticed garrulousMonolith's ghost (novice HOFi)
  7177 | D:6      | Reached XP level 8. HP: 47/59 MP: 16/16
  7364 | D:5      | Bought a book of Beasts for 380 gold pieces
  7370 | D:5      | Learned a level 5 spell: Summon Mana Viper
  7463 | D:6      | Identified the +2 ring mail "Jolyorph" {Slay+3}
  7646 | D:6      | Reached skill level 1 in Hexes
  7878 | D:7      | Noticed Joseph
  7956 | D:7      | Killed Joseph
  7957 | D:7      | Reached skill level 8 in Summonings
  8224 | D:7      | Found a staircase to the Ecumenical Temple.
  8291 | D:7      | Found Ugilassa's Neck Hole.
  8458 | D:8      | Found Viut's Assorted Antiques.
  8641 | D:8      | Reached skill level 5 in Spellcasting
  8643 | D:8      | Reached XP level 9. HP: 40/64 MP: 15/20
  8656 | D:8      | Slain by a killer bee

Illustrated notes

Levels and vault maps discovered:
D:1:      dpeg_arrival_castle, layout_basic, minmay_tripent
D:2:      layout_loops_corners, uniq_robin
D:3:      layout_basic, nicolae_overflow_crystal_walls,
          ebering_ghost_disaster_area
D:4:      layout_rooms, nicolae_uskayaw_murder_on_the_dancefloor,
          feat_on_display, uniq_blork_the_orc, uniq_edmund
D:5:      layout_layer_cave, grunt_temple_overflow_diamond, serial_shops,
          shop_statue, shop, nicolae_shop_crystal, nicolae_shop_behind_doors,
          kennysheep_little_box, chequers_serial_rivers_room_a
D:6:      layout_rooms, lemuel_doored_altar, gammafunk_ghost_split
D:7:      layout_rooms, grunt_temple_overflow_open,
          minmay_temple_entry_proselytizer, nicolae_shop_sticking_my_neck_out,
          uniq_joseph
D:8:      layout_gridville, yredelemnul_altar_generic,
          mainiacjoe_overflow_six_doors_small, minmay_lair_entry_grove,
          serial_shops, nicolae_shop_waterfront, uniq_maurice

Skill      XL: |  1  2  3  4  5  6  7  8  9 |
---------------+----------------------------+-----
Summonings     | 3 4 5 6 7 8 |  8.1
Spellcasting   | 2 3 5 |  5.0
Ice Magic      | 1 3 5 |  5.0
Hexes          | 3 4 |  4.0
Fighting       | |  1.0
Throwing       | |  1.0
Stealth        | |  1.7
Poison Magic   | |  1.0
Evocations     | |  1.0

Action                   |  1- 3 |  4- 6 |  7- 9 || total
-------------------------+-------+-------+-------++-------
Melee: Dagger            |   139 |    48 |       ||   187
       Punch             |     1 |     2 |       ||     3
       Hand axe          |       |    73 |   102 ||   175
       Spear             |       |     5 |       ||     5
 Cast: Summon Small Mamm |    24 |       |       ||    24
       Call Canine Famil |     4 |    16 |    15 ||    35
       Summon Ice Beast  |       |     7 |    14 ||    21
  Use: Potion            |     2 |       |     2 ||     4
       Scroll            |       |    13 |     1 ||    14
 Stab: Distracted        |     1 |     1 |     1 ||     3
       Sleeping          |     2 |     2 |     1 ||     5
Armor: Robe              |    50 |    57 |    50 ||   157
Dodge: Dodged            |    96 |    82 |    93 ||   271

Table legend: (Time is in decaauts)
 A = Elapsed time spent in this place.
 B = Non-inter-level travel time spent in this place.
 C = Inter-level travel time spent in this place.
 D = Time resting spent in this place.
 E = Time spent auto-exploring this place.
 F = Levels seen in this place.
 G = Mean time per level.
                   A        B        C        D        E       F      G
               +--------+--------+--------+--------+--------+-----+--------+
         Total |   8716 |   8365 |    351 |   2664 |   4081 |   8 | 1089.5 |
       Dungeon |   8716 |   8365 |    351 |   2664 |   4081 |   8 | 1089.5 |
               +--------+--------+--------+--------+--------+-----+--------+

Top non-repeatable levels by time:
     D:3: 2131 daAuts
     D:5: 1713 daAuts
     D:2: 1376 daAuts
     D:1: 1077 daAuts
     D:4: 931 daAuts
     D:7: 744 daAuts
     D:6: 532 daAuts
     D:8: 208 daAuts
